Map: 2000 атмосфер РВ

Players

ИИ 1 (новичок) - Winner!

  • Race: Zerg Zerg

MindelVK

  • Race: Protoss Protoss
  • League: Grandmaster

VOD

https://youtu.be/N4jwNGjI0-c

Description

Time

  • Played on: Dec. 5, 2021, 4:29 a.m.
  • Length: 5:46
Show
View Real Time Build Order
Export as new Build Order

ИИ 1 (новичок) Zerg - Winner!

Build Orders: Pool Only 

Get SALT Encoding   

  12  0:01  Drone  
  13  0:12  Overlord  
  13  0:16  Drone  
  14  0:35  Spawning Pool  
  13  0:36  Extractor  
  13  0:39  Drone  
  13  0:46  Drone  
  14  0:51  Overlord  
  14  1:22  Queen, Zergling x2  
  17  1:30  Roach Warren  
  16  1:33  Drone, Zergling x2  
  18  1:44  Drone  
  18  1:45  Zergling x2  
  20  1:54  Drone  
  21  2:05  Drone  
  22  2:16  Drone  
  23  2:27  Drone  
  23  2:29  Overlord  
  24  2:34  Drone  
  25  4:48  Roach  
  25  4:49  Drone  
  25  4:50  Extractor  
  27  4:56  Drone  
  28  5:03  Drone  
  28  5:05  Overlord  
  29  5:10  Drone  
  30  5:18  Drone  
  30  5:21  Roach  
  30  5:25  Drone  
  30  5:32  Drone  
Show
View Real Time Build Order
Export as new Build Order

MindelVK Protoss 

Build Orders: 1 Gate Expand, Blink Stalkers 

Get SALT Encoding   

  12  0:00  Probe  
  13  0:12  Probe  
  14  0:17  Pylon  
  14  0:24  Probe (Chrono Boost)  
  16  0:36  Probe (Chrono Boost)  
  16  0:38  Gateway  
  16  0:43  Probe (Chrono Boost)  
  16  0:46  Assimilator  
  17  0:50  Probe  
  18  1:02  Probe  
  19  1:15  Probe  
  20  1:24  Nexus  
  20  1:34  Cybernetics Core  
  20  1:36  Probe  
  21  1:42  Assimilator  
  21  1:48  Probe  
  21  1:51  Pylon  
  22  2:00  Probe (Chrono Boost)  
  23  2:07  Stalker (Chrono Boost)  
  23  2:11  Warp Gate  
  23  2:12  Probe (Chrono Boost)  
  26  2:18  Probe (Chrono Boost)  
  27  2:26  Twilight Council  
  27  2:27  Probe (Chrono Boost)  
  28  2:33  Adept  
  30  2:37  Probe (Chrono Boost)  
  32  2:44  Probe (Chrono Boost)  
  32  2:46  Probe (Chrono Boost)  
  34  2:51  Probe (Chrono Boost), Gateway  
  34  2:52  Probe  
  35  3:01  Robotics Facility  
  35  3:03  Probe  
  36  3:06  Probe  
  36  3:11  Blink (Chrono Boost)  
  37  3:15  Probe  
  37  3:19  Probe  
  39  3:23  Gateway  
  39  3:29  Gateway  
  39  3:30  Probe  
  39  3:32  Probe  
  41  3:36  Pylon  
  41  3:44  Probe  
  41  3:45  Probe, Warp Prism (Chrono Boost)  
  43  3:55  Gateway  
  45  3:59  Gateway  
  47  4:08  Stalker x2  
  49  4:10  Assimilator  
  49  4:12  Probe  
  49  4:13  Probe  
  49  4:14  Observer  
  52  4:22  Pylon  
  52  4:23  Pylon  
  52  4:25  Pylon  
  52  4:30  Pylon  
  52  4:40  Stalker x3  
  52  4:42  Stalker  
  60  4:46  Pylon  
  60  4:58  Stalker x2  
  64  5:03  Stalker x2  
  64  5:06  Stalker  
  70  5:18  Assimilator  
  70  5:20  Gateway  
  70  5:22  Gateway  
  70  5:25  Probe x2  
  72  5:41  Stalker x5  
Tags
 
Add a new tag
Caveats
  • Supply blocks, unpowered buildings, or Contaminate may cause inaccurate times.
  • Supply counts are checked every 10 seconds.